 Dungeon Crawl Stone Soup version 0.29.1-15-g9cfb28693d (webtiles) character file.

Game seed: 3861393928193217668

716 cowcol the Chopper (level 7, -2/61 HPs)
             Began as a Minotaur Fighter on Apr 26, 2023.
             Was a Follower of Okawaru.
             Slain by a gnoll
             ... wielding a +1 vorpal halberd
             ... led by a gnoll sergeant
              (10 damage)
             ... on level 5 of the Dungeon on Apr 27, 2023.
             The game lasted 00:13:43 (7006 turns).

cowcol the Chopper (Minotaur Fighter)               Turns: 7006, Time: 00:13:44

Health: -2/61      AC: 10    Str: 23    XL:     7   Next: 41%
Magic:  5/6        EV:  7    Int:  5    God:    Okawaru [*.....]
Gold:   354        SH:  4    Dex:  9    Spells: 6/6 levels left

rFire   . . .      SeeInvis .   a - +0 war axe
rCold   . . .      Faith    .   c - +0 buckler
rNeg    . . .      Spirit   .   B - +0 chain mail
rPois   .          Reflect  .   (helmet restricted)
rElec   .          Harm     .   (no cloak)
rCorr   .          Rampage  .   (no gloves)
Will    .....                   (no boots)
Stlth   ..........              (no amulet)
HPRegen 0.20/turn               (no ring)
MPRegen 0.10/turn               (no ring)

@: mighty, invisible
A: horns 2, retaliatory headbutt
a: Renounce Religion, Heroism


You were on level 5 of the Dungeon.
You worshipped Okawaru.
Okawaru was aware of your devotion.
You visited 1 branch of the dungeon, and saw 5 of its levels.

You collected 354 gold pieces.

Inventory:

Hand Weapons
 a - a +0 war axe (weapon)
 t - the +3 hammer of Embarrassment {vorpal, Int+4 Dex-3 SInv}
   (You found it on level 2 of the Dungeon)

   It inflicts extra damage upon your enemies.
   Int:       It affects your intelligence (+4).
   Dex:       It affects your dexterity (-3).
   SInv:      It lets you see invisible.
Missiles
 k - 14 poisoned darts (quivered)
 o - 2 silver javelins
 p - 2 javelins
 y - 2 boomerangs
Armour
 b - a +0 scale mail
 c - a +0 buckler (worn)
 u - an orb of wrath
 z - a +0 plate armour
 B - a +0 chain mail (worn)
 E - a scarf of harm
Jewellery
 q - a ring of flight
Wands
 r - a wand of paralysis (5)
 s - a wand of quicksilver (2)
 D - a wand of digging (4)
Scrolls
 e - 3 scrolls of brand weapon
 h - 2 scrolls of poison
 i - 4 scrolls of magic mapping
 n - a scroll of immolation
 v - a scroll of teleportation
 C - a scroll of identify
Potions
 g - a potion of flight
 m - a potion of mutation {unknown}
 w - a potion of cancellation {unknown}
 x - 2 potions of lignification {unknown}
 A - a potion of haste {unknown}


   Skills:
 + Level 5.5 Fighting
 + Level 6.7 Axes
 - Level 2.0 Throwing
 + Level 6.6 Armour
 - Level 3.6 Shields
 + Level 0.1 Evocations


You had 6 spell levels left.
You didn't know any spells.
Your spell library contained the following spells:

 Spells                   Type           Power      Damage    Failure   Level
 Apportation              Tloc           0%         N/A       99%         1
 Beastly Appendage        Tmut           0%         N/A       99%         1
 Magic Dart               Conj           0%         1d3       99%         1
 Necrotise                Necr           0%         1d4       99%         1
 Searing Ray              Conj           0%         2d4       100%        2
 Wereblood                Tmut           0%         N/A       100%        2
 Spider Form              Tmut/Pois      0%         N/A       100%        3
 Fulminant Prism          Conj/Hex       0%         3d6       100%        4
 Summon Small Mammal      Summ           Unusable   N/A       N/A         1

Dungeon Overview and Level Annotations

Branches:
Dungeon (5/15)             Temple (0/1) D:5

Altars:
Cheibriados
Elyvilon
Fedhas
Gozag
Hepliaklqana
Makhleb
Okawaru
Qazlal
Wu Jian


Innate Abilities, Weirdness & Mutations

You have a pair of horns on your head.
You reflexively headbutt those who attack you in melee.


Message History

Your headbutt misses the gnoll sergeant.
The gnoll sergeant is severely wounded.
You hit the gnoll but do no damage. You block the gnoll sergeant's attack.
The gnoll misses you. x2
You barely miss the gnoll sergeant.
The gnoll sergeant is severely wounded.
You barely miss the gnoll. The gnoll sergeant barely misses you.
The gnoll closely misses you. You block the gnoll's attack.
Unknown command.
You hit the gnoll sergeant but do no damage.
The gnoll sergeant is severely wounded.
You hit the gnoll.
You feel like a meek peon again.
The gnoll sergeant hits you with a +0 trident of pain.
The gnoll hits you but does no damage.
The gnoll hits you from afar with a +1 vorpal halberd!
* * * LOW HITPOINT WARNING * * *
x2 You hit the gnoll sergeant.
Your headbutt misses the gnoll sergeant.
The gnoll sergeant is almost dead.
You slash the gnoll!
You kill the gnoll!
Okawaru accepts your kill.
The gnoll sergeant hits you with a +0 trident of pain.
* * * LOW HITPOINT WARNING * * *
You writhe in agony.
* * * LOW HITPOINT WARNING * * *
You block the gnoll's attack.
You barely miss the gnoll sergeant.
The gnoll sergeant is almost dead.
The gnoll sergeant hits you but does no damage.
The gnoll hits you from afar with a +1 vorpal halberd.
* * * LOW HITPOINT WARNING * * *
x2
Okay, then.
You fade into invisibility!
The gnoll sergeant hits you but does no damage.
You block the gnoll's attack.
You feel very mighty all of a sudden.
The gnoll hits you from afar with a +1 vorpal halberd!
You die...

.#..#.....#..#
+##'##+##+##+
#.....#.....#
#.....#.....#
.###'##'##+##
............#
............#
##..........######
######...##...g.@#
......g..####)##g#
......g..# #+####
.)(......#
..((.....#
.##......#
.........+
.##......#
.........#


You could see a gnoll sergeant (unable to see you) and a gnoll (unable to see
you).

Vanquished Creatures
  2 phantoms
  A scorpion (D:5)
  A hound (D:5)
  3 orc priests
  A jelly (D:4)
  Crazy Yiuf (D:2)
  3 iguanas
  3 orc wizards
  2 gnolls (D:5)
  6 adders
  An ufetubus (D:4)
  2 dart slugs
  A worm (D:3)
  11 orcs
  5 ball pythons
  3 bats
  4 endoplasms
  3 giant cockroaches (D:3)
  8 goblins
  9 hobgoblins
  9 kobolds
  10 quokkas
  2 frilled lizards
  6 rats
97 creatures vanquished.

Vanquished Creatures (others)
  2 fungi (D:3)
  4 plants (D:3)
6 creatures vanquished.

Grand Total: 103 creatures vanquished

Notes
Turn   | Place    | Note
-------+----------+-------------------------------------------
     0 | D:1      | cowcol the Minotaur Fighter began the quest for the Orb.
     0 | D:1      | Reached XP level 1. HP: 19/19 MP: 0/0
   547 | D:1      | Reached XP level 2. HP: 27/27 MP: 1/1
   669 | D:1      | Found a faded altar of an unknown god.
   973 | D:1      | Reached XP level 3. HP: 33/33 MP: 2/2
  1765 | D:2      | Found an opulent altar of Gozag.
  2461 | D:2      | Found a runed translucent door.
  2462 | D:2      | Noticed Crazy Yiuf
  2469 | D:2      | Killed Crazy Yiuf
  2470 | D:2      | Reached XP level 4. HP: 33/41 MP: 3/3
  2474 | D:2      | Identified the +3 hammer of Embarrassment {vorpal, Int+4
                  | Dex-3 SInv}
  2607 | D:3      | Reached skill level 1 in Throwing
  2607 | D:3      | Reached XP level 5. HP: 35/47 MP: 4/4
  2691 | D:3      | Reached skill level 5 in Armour
  2992 | D:3      | Found a burning altar of Makhleb.
  3247 | D:3      | Found a stormy altar of Qazlal.
  3249 | D:3      | Found a blossoming altar of Fedhas.
  3430 | D:3      | Found an iron altar of Okawaru.
  3436 | D:3      | Became a worshipper of Warmaster Okawaru
  4301 | D:4      | Reached skill level 5 in Axes
  4417 | D:4      | Found a snail-covered altar of Cheibriados.
  4744 | D:4      | Reached XP level 6. HP: 25/55 MP: 5/5
  5311 | D:4      | Reached skill level 5 in Fighting
  5858 | D:5      | Entered Level 5 of the Dungeon
  5877 | D:5      | Found a hazy altar of Hepliaklqana.
  5877 | D:5      | Found an ornate altar of the Wu Jian Council.
  6339 | D:5      | Reached XP level 7. HP: 54/61 MP: 6/6
  6410 | D:5      | Found a staircase to the Ecumenical Temple.
  6552 | D:5      | Reached * piety under Okawaru
  6554 | D:5      | HP: 2/61 [gnoll sergeant/+0 trident of pain (11)]
  6800 | D:5      | Found a white marble altar of Elyvilon.
  7006 | D:5      | Slain by a gnoll

Illustrated notes

Levels and vault maps discovered:
D:1:      minmay_arrival_open_corners, layout_basic,
          dreamdust_ecumenical_altar_statues, minivault_26, minivault_5
D:2:      layout_loops_ring, basic_altar, nrook_mini_backslash,
          uniq_crazy_yiuf_cottage
D:3:      layout_basic, grunt_temple_overflow_forces_of_nature,
          lemuel_round_altar, overflow_temple_1_default, minmay_misc_feat_x
D:4:      layout_loops_corners, lemuel_round_altar
D:5:      layout_basic, mainiacjoe_overflow_24_doors,
          nicolae_vehumet_altar_sigil, jmf_multi_god_temple,
          minmay_temple_entry_ruins, serial_corexii_hall,
          chequers_hall_statues_corner_a, chequers_hall_statues_wall_a,
          minmay_checkerbox

Skill      XL: |  1  2  3  4  5  6 |
---------------+-------------------+-----
Armour         | 4 5 6 |  6.6
Fighting       | 4 5 |  5.5
Axes           | 3 4 5 6 |  6.7
Throwing       | 1 2 |  2.0
Shields        | |  3.6
Evocations     | |  0.1

Action                   |  1- 3 |  4- 6 |  7- 9 || total
-------------------------+-------+-------+-------++-------
Melee: War axe           |    77 |   128 |    35 ||   240
       Headbutt          |     5 |    24 |     9 ||    38
Throw: Dart              |    11 |    30 |     5 ||    46
Invok: Heroism           |       |       |     1 ||     1
Evoke: Wand              |       |       |     3 ||     3
  Use: Potion            |     5 |     1 |     5 ||    11
       Scroll            |     2 |     4 |     1 ||     7
 Stab: Paralysed         |       |       |     1 ||     1
Armor: Scale mail        |    36 |    50 |       ||    86
       Chain mail        |       |       |    26 ||    26
Dodge: Dodged            |    41 |    33 |    27 ||   101
Block: Buckler           |    16 |    23 |    16 ||    55
